Cogmind - Beta 16.1 @@@ ROGUE MODE // 2026.02.12 @ 21:45:22 Player: CrispyGuts Result: Destroyed by D-53 Grenadier with Mini Grenade Launcher Performance ------------- Evolutions (0) 0 Regions Visited (2) 400 Robots Destroyed (13) 65 Value Destroyed (93) 93 Prototype IDs (0) 0 Alien Tech Used (0) 0 Bonus (0) 0 TOTAL SCORE: 558 Bonus ------- None Cogmind --------- Core Integrity 0/250 Matter 300/300 Energy 83/100 System Corruption 0% Temperature Cool (0) Movement Core (50) Location -10/Mines Parts ------- > --- POWER (1) -------- (None) > --- PROPULSION (2) --- (None) > --- UTILITY (2) ------ Seismic Detector > --- WEAPON (2) ------- (None) > --- INVENTORY (5) ---- Ion Engine Aluminum Leg Mining Laser Peak State ------------ > --- POWER ------------ Light Ion Engine > --- PROPULSION ------- Aluminum Leg Aluminum Leg > --- UTILITY ---------- Small Storage Unit Seismic Detector > --- WEAPON ----------- Medium Laser Small Laser > --- INVENTORY -------- Ion Engine Light Treads Light Treads Mining Laser [Rating: 7] Favorites ----------- Power Light Ion Engine Engine Light Ion Engine Propulsion Aluminum Leg Leg Aluminum Leg Utility Small Storage Unit Device Seismic Detector Storage Small Storage Unit Weapon Medium Laser Energy Gun Medium Laser Special Weapon Mining Laser Build | -11 -10 -10 ------- Run | Yrd Mat Min Slots Evolved . | . . . Power . | . . . Propulsion . | . . . Utility . | . . . Weapon . | . . . Parts Attached 10 | 8 2 . Power 1 | 1 . . Engine 1 | 1 . . Core . | . . . Reactor . | . . . Propulsion 2 | 2 . . Treads . | . . . Leg 2 | 2 . . Wheel . | . . . Hover . | . . . Flight . | . . . Utility 2 | 2 . . Device 1 | 1 . . Storage 1 | 1 . . Processor . | . . . Hackware . | . . . Protection . | . . . Artifact . | . . . Weapon 5 | 3 2 . Energy Gun 4 | 3 1 . Energy Cannon . | . . . Ballistic Gun . | . . . Ballistic Cannon . | . . . Launcher . | . . . Special Weapon 1 | . 1 . Impact Weapon . | . . . Slashing Weapon . | . . . Piercing Weapon . | . . . Special Melee Weapon . | . . . Unidentified Prototypes . | . . . Parts Lost 5 | . . 5 Power 1 | . . 1 Propulsion 2 | . . 2 Utility . | . . . Weapon 2 | . . 2 Highest Loss Streak 4 | . . 4 To Critical Strikes . | . . . Average Backups 3 | 2 4 4 Power . | . 1 1 Propulsion 2 | . 2 2 Utility . | . . . Weapon . | . 1 1 Tool/Special . | . . . Unused Backups 4 | . . 4 Power 1 | . . 1 Propulsion 3 | . . 3 Utility . | . . . Weapon . | . . . Tool/Special . | . . . Average Slot Usage (%) 96 | . 100 83 Engine 11 | . 14 1 Leg 27 | . 28 26 Device 14 | . 14 14 Storage 14 | . 14 14 Energy Gun 22 | . 21 26 Special Weapon 5 | . 7 . Peak Build Rating 7 | 7 7 7 Average Rating 6 | 5 7 5 On Entrance 4 | . 7 7 Avg Prop Armor Cover (%) 21 | 21 . . Naked Turns . | . . . Heaviest Build 13 | 12 13 10 Greatest Support 20 | 20 20 20 Greatest Overweight (x) . | . . . Average Overweight (x) . | . . . Largest Inventory Capacity 8 | 8 8 8 Average Capacity 7 | 7 8 7 Most Carried 6 | 4 6 5 Average Carried 3 | 2 4 4 Final Capacity 8 | 8 8 5 Final Carried 5 | 4 5 3 Class Distribution -------------------- 100% | Mutant Dominant Class ---------------- Mutant | -10/Materials Mutant | -10/Mines Resources | -11 -10 -10 ----------- Run | Yrd Mat Min Matter Collected 295 | 280 . 15 Remotely . | . . . Salvage Created 336 | 267 . 69 Parts 26 | 25 . 1 Haulers Intercepted . | . . . Recyclers Shooed . | . . . Parts Field Recycled . | . . . Retrieved Matter . | . . . Parts Self-Destructed . | . . . Prevented . | . . . Parts Restored . | . . . Kills | -11 -10 -10 ------- Run | Yrd Mat Min Combat Hostiles Destroyed 5 | . . 5 Guns 5 | . . 5 Classes Destroyed 5 | 3 . 2 Worker 1 | 1 . . Tunneler 8 | 8 . . Recycler 1 | 1 . . Swarmer 3 | . . 3 Assembled 2 | . . 2 Best Kill Streak 3 | 3 . 3 Combat Bots Only 3 | . . 3 Max Kills in Single Turn 1 | 1 . 1 Gunslinging . | . . . Exploded . | . . . Melee . | . . . Uniques/NPCs Destroyed . | . . . Combat | -11 -10 -10 -------- Run | Yrd Mat Min Hostile Shots Fired 56 | . 14 42 Missed 10 | . 3 7 Hits 46 | . 11 35 Projectile 46 | . 11 35 AOE 6 | . . 6 Damage Taken 644 | . 122 522 Core 254 | . 22 232 Absorbed by Shields . | . . . Core Remaining (%) 100 | 100 . . Volleys Fired 39 | 24 4 11 Largest 2 | 2 1 2 Hottest 100 | 90 100 100 Shots Fired 69 | 43 4 22 Gun 66 | 43 1 22 Cannon . | . . . Launcher . | . . . Special 3 | . 3 . Kinetic . | . . . Thermal 61 | 35 4 22 Explosive . | . . . Electromagnetic 8 | 8 . . Robot Hit Streak 10 | 10 . 5 Robot Miss Streak 4 | 4 1 3 Penetration Max . | . . . Secondary Targets 2 | . . 2 Max Gunslinging Chain 1 | . . 1 Shots Hit Robots 41 | 29 . 12 Core Hits 18 | 11 . 7 Critical Kills . | . . . Critical Parts Destroyed . | . . . Critical Strikes 1 | 1 . . Burn 1 | 1 . . Melee Attacks . | . . . Impact . | . . . Slashing . | . . . Piercing . | . . . Sneak Attacks . | . . . Combat Hostiles . | . . . Follow-up Attacks . | . . . Damage Inflicted 540 | 375 . 165 Guns 540 | 375 . 165 Cannons . | . . . Explosions . | . . . Melee . | . . . Ramming . | . . . Kinetic . | . . . Thermal 437 | 272 . 165 Explosive . | . . . Electromagnetic 103 | 103 . . Impact . | . . . Slashing . | . . . Piercing . | . . . Highest Corruption . | . . . Average Corruption . | . . . Corruption Purged . | . . . Corruption Blocked . | . . . Overload Shots . | . . . Overflow Damage . | . . . Projectiles . | . . . Explosions . | . . . Melee . | . . . Knockbacks . | . . . Impact . | . . . Kinetic . | . . . Secondary . | . . . Self-Inflicted Damage . | . . . Shots . | . . . Rammed . | . . . Targets Rammed . | . . . Kicked . | . . . Crushed . | . . . Highest Temperature 173 | 150 40 173 Average Temperature 55 | 49 16 83 Received Heat Transfer 186 | . 66 120 Siege Activations . | . . . Martial Activations . | . . . Shielding Activations . | . . . Robots Disrupted . | . . . Combat Hostiles . | . . . Robots Corrupted . | . . . Combat Hostiles . | . . . Parts Fried . | . . . Impact Corruptions . | . . . Robots Melted . | . . . Combat Hostiles . | . . . Parts Melted 3 | 1 . 2 Heat Transferred 1322 | 841 . 481 Parts Sabotaged . | . . . Parts Stolen . | . . . Parts Stripped . | . . . Power Chain Reactions . | . . . Alert | -11 -10 -10 ------- Run | Yrd Mat Min Maximum Alert Level . | . . . Low Security (%) 100 | 100 100 100 Level 1 . | . . . Level 2 . | . . . Level 3 . | . . . Level 4 . | . . . Level 5 . | . . . High Security . | . . . Max Security . | . . . Peak Influence 70 | 15 8 70 Initial 3 | . 3 . Average 6 | 1 . 41 Influence Increases 128 | 50 8 70 Destroy 0b10 Robot/C 60 | . . 60 Destroy 0b10 Robot/NC 50 | 50 . . Destroy Leader 10 | . . 10 Successful Hack 5 | . 5 . Destroy Structure 3 | . 3 . Influence Decreases 128 | 45 13 70 Entered New Map 2 | . 2 . Time Decay 96 | 45 11 40 Lost Part 30 | . . 30 Squads Dispatched 3 | . 3 . Investigation 2 | . 2 . Extermination . | . . . Reinforcement 1 | . 1 . Assault . | . . . Garrison . | . . . Intercept . | . . . Searches Triggered . | . . . Construction Impeded . | . . . Haulers Reinforced . | . . . Active Scanning Responses . | . . . Cargo Convoy Interrupts . | . . . Stealth | -11 -10 -10 --------- Run | Yrd Mat Min Distress Signals . | . . . Communications Jammed . | . . . Distress Signals . | . . . Times Spotted 30 | . 7 23 Peak Tracking Total 20 | . 4 20 Tactical Retreats . | . . . Traps | -11 -10 -10 ------- Run | Yrd Mat Min Traps Triggered 2 | . 2 . Indirectly . | . . . Trap Hack Attempts . | . . . Triggered . | . . . Disarmed . | . . . Reprogrammed . | . . . Reused . | . . . Traps Extracted . | . . . Installed . | . . . Triggered . | . . . Machines | -11 -10 -10 ---------- Run | Yrd Mat Min Machines Disabled . | . . . Max in Single Turn . | . . . Machines Repaired . | . . . Machines Dismantled . | . . . Machines Sabotaged . | . . . Overloaded Fab Kills . | . . . Hacking | -11 -10 -10 --------- Run | Yrd Mat Min Machines Accessed 2 | . 2 . Terminals 2 | . 2 . Fabricators . | . . . Repair Stations . | . . . Recycling Units . | . . . Scanalyzers . | . . . Garrison Access . | . . . Total Hacks 5 | . 5 . Successful 1 | . 1 . Failed 4 | . 4 . Catastrophic . | . . . Database Lockouts . | . . . Manual 5 | . 5 . Terminals 5 | . 5 . Fabricators . | . . . Repair Stations . | . . . Recycling Units . | . . . Scanalyzers . | . . . Garrison Access . | . . . Terminal Hacks . | . . . Fabricator Hacks . | . . . Repair Station Hacks . | . . . Recycling Unit Hacks . | . . . Scanalyzer . | . . . Garrison Access Hacks . | . . . Unauthorized Hacks 1 | . 1 . Terminals 1 | . 1 . Botnet 1 | . 1 . Fabricators . | . . . Repair Stations . | . . . Recycling Units . | . . . Scanalyzers . | . . . Garrison Access . | . . . Data Cores Recovered . | . . . Used . | . . . Hacking Detections 2 | . 2 . Full Trace Events . | . . . Feedback Events . | . . . Feedback Blocked . | . . . Robot Schematics Acquired . | . . . Robots Built . | . . . Authchips . | . . . Time . | . . . Total Robot Build Rating . | . . . Part Schematics Acquired . | . . . Parts Built . | . . . Authchips . | . . . Time . | . . . Total Part Build Rating . | . . . Part Studies Acquired . | . . . Parts Repaired . | . . . Time . | . . . Parts Recycled . | . . . Recycled Matter . | . . . Retrieved Matter . | . . . Retrieved Components . | . . . Parts Scanalyzed . | . . . Part Schematics Acquired . | . . . Parts Damaged . | . . . Bothacking | -11 -10 -10 ------------ Run | Yrd Mat Min Used RIF Installer . | . . . Robots Hacked . | . . . Non-combat . | . . . Combat . | . . . Robot Hacks Applied . | . . . Relay Couplers Released . | . . . Fabnet Peak Effective % . | . . . Robots Rewired . | . . . Allies Hacked . | . . . Hacks Repelled . | . . . Allies | -11 -10 -10 -------- Run | Yrd Mat Min Total Allies . | . . . Largest Group . | . . . Highest-Rated Group . | . . . Highest-Rated Ally . | . . . Total Orders . | . . . Ally Attacks . | . . . Total Damage . | . . . Kills . | . . . Allies Corrupted . | . . . Allies Melted . | . . . Intel | -11 -10 -10 ------- Run | Yrd Mat Min Active Infowar (turns) 398 | 2 314 82 Seismic 398 | 2 314 82 Robot Analysis Total . | . . . Derelict Logs Recovered . | . . . Drone Launches . | . . . Drone Recoveries . | . . . Exploration | -11 -10 -10 ------------- Run | Yrd Mat Min Turns Passed 638 | 242 314 82 Spaces Moved 303 | 121 143 39 Core 21 | 10 . 11 Treads . | . . . Legs 282 | 111 143 28 Wheels . | . . . Hover . | . . . Flight . | . . . Fastest Speed 50 | 50 120 50 Average Speed 115 | 114 120 100 Slowest Speed 120 | 120 120 120 Overloaded Moves . | . . . Propulsion Burnouts . | . . . Robots Hopped . | . . . Potential Cave-ins . | . . . Cave-ins Triggered . | . . . Exploration Rate (%) 19 | 4 36 18 Regions Visited 2 Branch Regions 1 Pre-discovered Areas . | . . . Known Exits Taken . | . . . Unknown Exits Taken 2 | 1 1 . Scrap Searched . | . . . Spaces Dug 3 | . 3 . Terrain Destroyed 3 | . 3 . Melee . | . . . Projectile 3 | . 3 . AOE . | . . . Terrain Rammed . | . . . Walls Destroyed . | . . . Machines Disabled . | . . . Actions | -11 -10 -10 --------- Run | Yrd Mat Min Total 514 | 178 275 61 Wait 153 | 21 124 8 Move 301 | 120 142 39 Hop . | . . . Pick Up 7 | 5 2 . Fast Attach 6 | 6 . . Attach 1 | 1 . . Detach . | . . . Swap 3 | 1 2 . Drop 4 | . 1 3 Fire 39 | 24 4 11 Melee . | . . . Ram . | . . . Kick . | . . . Crush . | . . . Escape Stasis . | . . . Rewire . | . . . Trap . | . . . Miscellaneous . | . . . Route ------- -11/Scrapyard -10/Materials (discovered 2 exits: [*Mat] / [*Min]) -10/Mines History --------- Turn | Location | Event 8 | -11/Scrapyard | Discovered new exit (range 15) 243 | -11/Scrapyard | Entered Materials 336 | -10/Materials | Build established: Mutant 508 | -10/Materials | Discovered new exit (range 12) 539 | -10/Materials | Discovered new exit (range 16) 557 | -10/Materials | Entered Mines 602 | -10/Mines | Assembled infested the area 607 | -10/Mines | Assisted by a Guerilla fighting off Assembled 616 | -10/Mines | Core integrity fell below 50% 636 | -10/Mines | Core integrity fell below 20% 639 | -10/Mines | Destroyed by D-53 Grenadier with Mini Grenade Launcher Last Messages --------------- 00623_ as-22246 destroyed. 00626_ D-53 Grenadier suffers critical hit (Destroy). 00626_ D-53 Grenadier destroyed. 00629_ Med. Laser destroyed. 00629_ Aluminum Leg destroyed. 00630_ Dropped Lgt. Treads. 00630_ HV Slug penetrates D-53 Grenadier. 00630_ D-53 Grenadier suffers critical hit (Destroy). 00631_ Dropped Sml. Storage Unit. 00631_ SI-THK(h) destroyed. 00633_ Aluminum Leg destroyed. 00633_ R-06 Scavenger destroyed. 00634_ R-06 Scavenger collects Cmb. Airjet. 00636_ The unstable cave ceiling collapses. 00636_ Mni. Grenade Launcher crushed. 00637_ Med. Laser destroyed. 00637_ U-05 Engineer lays Concrete. 00638_ The unstable cave ceiling collapses. 00638_ R-06 Scavenger collects Shock Absorption System. 00638_ U-05 Engineer lays Concrete. Map ----- +----------------------------------------------------+ | ??????????????????????????????????????????? | | ??????????????????????????????????????????? | | ??????????????????????????????????????????? | | ??????????????????????????????????????????? | | ??????????????????????????????????????????? | | ??????????????????????????????????????????? | | ??????????????????????????????????????????? | | ??????????????????????????????????????????? | | ??????????????????????????????????????????? | | ??????????????????????????????????????????? | | ??????????????????????????????????????????? | | ??????????????????????????????????????????? | | ??????????????????????????????????????????? | | ???????????????????????????????###????????? | | ??????????????????????????????? #????????? | | ??????????????????????????????? #????????? | | ??????????????????????????????? ##???????? | | ??????????????????????????????? ;#???????? | | ??????????????????????????????? #????????? | | ?????????????????????????????## ##???????? | | ????????????????????????????## ##??????? | | ?????????????????????????#### < ##?????? | | ?????????????????????????# ##????? | | ?????????????# ########## #??#?? | | ?????????????# u$ u ## #?? | | ?????????????# @ r % #?? | | ?????????????????######### d $ #?? | | ????????????????????????# # # ##??? | | ????????????????????????## ## #???? | | ?????????????????????????## #???? | | ??????????????????????????## ## #???? | | ???????????????????????????# ##??#???? | | ???????????????????????????# %! #??????? | | ???????????????????????????# = #??????? | | ??????????????????????????# ! #??????? | | ??????????????????????????## %= #??????? | | ??????????????????????????# ##??????? | | ??????????????????????????# #???????? | | ??????????????????????????## #???????? | | ???????????????????????????### ###???????? | | ???????????????????????????## #?????????? | | ???????????????????????????# #?????????? | | ??????????????????????????## ##?????????? | | ?????????????????????????## ##?????????? | | ????????????????????????## ##????????? | | ????????????????????????# ##???????? | | ????????????????????????# #???????? | | ?????????????????######## #???????? | | ?????????????????# ## ##???????? | | ?????????????????# %### #????????? | +----------------------------------------------------+ Best States ------------- Heat Dissipation 25 Energy Generation 10 Energy Capacity 125 Matter Stores 300 Matter Capacity 300 Sight Range 16 Terrain Scan Density 10 Evasion (%) 55 Item Schematics ----------------- None Robot Schematics ------------------ None Fabricated ------------ Nothing Repaired ---------- Nothing Studied --------- None Alien Tech Used ----------------- None Achievements -------------- None Challenges ------------ None Game ------ Seed TransmissionFieldReplica Manual? 0 Play Time 00:07:52 Cumulative 135.6 hours Start 2026.02.12 @ 21:32:46 End 2026.02.12 @ 21:45:22 Sessions 1 Manual Loads 0 Difficulty Rogue Special Mode None Game No. 64 Rogue 3 Adventurer 61 Explorer 0 Win Type - Total 2 Types 1/0/0/0/0/0/0/0/0/1 Lore% 61 Gallery% 54 Achievement% 44 Wizard Run 0 Options --------- Layout 0 ASCII 0 Keyboard 0 Movement Mouse Keybinds 0 Fullscreen 2 Font 24/Smallcaps Map View 76x50 Zoom Use 3% Tactical HUD 1 Map Filters NONE Filters NONE Steam 1 RUN: 3153e0fd-1313-485a-858b-6c989dcc48ae